 Dungeon Crawl Stone Soup version 0.24.0-13-gcf9b3192b9 (webtiles) character file.

Game seed: 14278654467950032564, levelgen mode: deterministic

18 Matador8 the Grave Robber (level 2, 0/19 HPs)
             Began as a Vampire Necromancer on Nov 7, 2019.
             Slain by a hobgoblin
             ... wielding a +0 club
              (1 damage)
             ... on level 1 of the Dungeon.
             The game lasted 00:03:01 (279 turns).

Matador8 the Grave Robber (Vampire Necromancer)      Turns: 279, Time: 00:03:01

Health: 0/19       AC:  3    Str:  7    XL:     2   Next: 51%
Magic:  0/5        EV: 12    Int: 17    God:
Gold:   16         SH:  0    Dex: 14    Spells: 3/5 levels left

rFire    . . .     SeeInvis +   b - +0 dagger
rCold    . . .     Gourm    .   (no shield)
rNeg     . . .     Faith    .   c - +0 leather armour
rPois    .         Spirit   .   (no helmet)
rElec    .         Reflect  .   (no cloak)
rCorr    .         Harm     .   (no gloves)
MR       .....                  (no boots)
Stlth    ++........             (no amulet)
HPRegen  0.26/turn              (no ring)
MPRegen  0.09/turn              (no ring)

@: very slightly contaminated, regenerating quickly
A: no food, fangs 3, see invisible, unbreathing
a: Exsanguinate


You were on level 1 of the Dungeon.
You were alive.

You visited 1 branch of the dungeon, and saw 1 of its levels.

You collected 16 gold pieces.

Inventory:

Hand Weapons
 b - a +0 dagger (weapon)
Armour
 a - a +0 robe
 c - a +0 leather armour (worn)
Scrolls
 d - a scroll of blinking {unknown}
 e - a scroll of random uselessness {unknown}


   Skills:
 - Level 2.2 Dodging
 + Level 3.8 Stealth
 - Level 2.0 Spellcasting
 + Level 4.8 Necromancy


You had 3 spell levels left.
You knew the following spells:

 Your Spells              Type           Power        Failure   Level  Hunger
a - Pain                  Necr           ###.         4%          1    N/A
b - Animate Skeleton      Necr           N/A          4%          1    N/A

Your spell library contained the following spells:

 Spells                   Type           Power        Failure   Level  Hunger
 Vampiric Draining        Necr           ###.......   12%         3    N/A
 Regeneration             Chrm/Necr      ##........   32%         3    N/A
 Animate Dead             Necr           N/A          36%         4    N/A

Dungeon Overview and Level Annotations

Branches:
Dungeon (1/15)

Altars:


Innate Abilities, Weirdness & Mutations

You do not eat.
Your natural rate of healing is unusually fast.
You have razor-sharp teeth.
You have supernaturally acute eyesight. (SInv)
You can survive without breathing.


Message History

Casting: Pain (safe; 4% risk of failure)
Confirm with . or Enter, or press ? or * to list all spells.
Aiming: Pain (safe; 4% risk of failure)
Press: ? - help, Shift-Dir - straight line, f - giant cockroach, p - hobgoblin
Aim: a giant cockroach (moderately wounded, clinging, chance to defeat MR: 89%)
The giant cockroach writhes in agony.
The giant cockroach closely misses you.
You barely miss the giant cockroach.
The giant cockroach is severely wounded.
The hobgoblin hits you with a +0 club.
* * * LOW HITPOINT WARNING * * *
The giant cockroach barely misses you.
You barely miss the giant cockroach. Your bite misses the giant cockroach.
The giant cockroach is severely wounded.
The giant cockroach bites you but does no damage.
The hobgoblin barely misses you.
The giant cockroach bites you but does no damage.
You barely miss the giant cockroach.
The giant cockroach is severely wounded.
The hobgoblin hits you with a +0 club.
You die...

#.#. .... ##.. ##
##< # ###.. .#
#...≈ ###.# #.8.≈
#@s.# #...≈ #g###
#.♣.≈ #g# #...≈
#r# #### #.8.≈
#.###...## #...≈
..r###.##.....##.
#.♣.≈
..................
#...≈
###?###.#.......#
#.8.≈ #.#.r.....#.
#...≈


You could see a giant cockroach, 2 hobgoblins and a rat.

Vanquished Creatures
  An ooze (D:1)
  2 leopard geckos (D:1)
  2 goblins (D:1)
  2 hobgoblins (D:1)
  2 ball pythons (D:1)
  2 bats (D:1)
  A rat (D:1)
12 creatures vanquished.

Notes
Turn   | Place    | Note
-------+----------+-------------------------------------------
     0 | D:1      | Matador8 the Vampire Necromancer began the quest for the
                  | Orb.
     0 | D:1      | Reached XP level 1. HP: 13/13 MP: 3/3
   117 | D:1      | Learned a level 1 spell: Animate Skeleton
   142 | D:1      | Reached XP level 2. HP: 13/19 MP: 0/5
   279 | D:1      | Slain by a hobgoblin

Levels and vault maps discovered:
D:1:      mainiacjoe_arrival_reflecting_pool, layout_rooms

Action                   || total
-------------------------++-------
Melee: Dagger            ||    18
       Bite              ||     4
 Cast: Pain              ||    19
Armor: Leather armour    ||     9
Dodge: Dodged            ||    15
